[Event "Pro Chess League 2023"]
[Site "Chess.com"]
[Date "2023.05.11"]
[Round "2"]
[White "Praggnanandhaa, R."]
[Black "Xu, Yinglun"]
[Result "0-1"]
[WhiteElo "2688"]
[BlackElo "2527"]
[ECO "C00"]
[EventDate "2023.??.??"]
[Annotator "rafael"]
[PlyCount "68"]
[Beauty "8042326324246"]
[EventType "schev"]
[EventRounds "3"]
[TimeControl "600+2"]

1.Nf3 d5 2.g3 Nf6 3.Bg2 e6 4.O-O Be7 5.d3 O-O 6.Nbd2 c5 7.e4 Nc6 8.Re1 b5 9.e5 Nd7 10.Nf1 {All this is well known in the King´s Indian Attack. This opening became very popular especially after Bobby Fischer won spectacular games with it. It's attractive because White's moves are schematic, which makes it interesting for fast-paced games, as you know what to do. That said, the attack isn't so easy to execute.} 10...Qc7 ( 10...a5 {The immediate advance of the pawn is the most popular move.} ) 11.Bf4 Bb7 12.h4 Rfc8 13.h5 h6 $1 {[%c_effect h6;square;h6;type;GreatFind;persistent;true] It's important for Black to avoid the move h5-h6, which creates weaknesses on the dark squares. There's a price to pay: White can try to sacrifice a piece on h6 or to play g4-g5 at some point.} 14.Qd2 ( 14.N1h2 {is the most popular move.} ) ( 14.c3 {is interesting in order to avoid Black's next move in the game.} ) 14...Nd4 {A new move.} ( 14...a5 ) 15.Nxd4 cxd4 16.Re2 a5 {The play becomes very concrete: Black advances the queenside, and White advances the kingside. Whoever arrives first, wins.} 17.Nh2 a4 18.a3 ( 18.Nf3 $1 {[%c_effect f3;square;f3;type;GreatFind;persistent;true] is more accurate.} 18...Qb6 19.g4 b4 20.g5 b3 {with big complications.} ) 18...Qb6 {Getting ready to play b4.} 19.Nf3 b4 20.axb4 Bxb4 21.Qc1 Bf8 $1 {[%c_effect f8;square;f8;type;GreatFind;persistent;true] A good move, bringing the bishop to the protection of the king.} 22.g4 {The advance of the g-pawn is White's only meaningful plan.} 22...Ba6 {Threatening to take on d3.} 23.Qb1 Nc5 24.g5 hxg5 25.Bxg5 $6 {[%c_effect g5;square;g5;type;Inaccuracy;persistent;true] This is the first mistake of the game. It's better to capture with the knight.} ( 25.Nxg5 Rab8 26.Ra2 a3 27.Rxa3 Qxb2 28.Qxb2 Rxb2 29.Bf1 {With a more or less equal endgame.} ) 25...Rab8 26.Ra2 $6 {[%c_effect a2;square;a2;type;Inaccuracy;persistent;true] This allows a nice tactical shot.} ( 26.Re1 {is better.} 26...Qxb2 27.Qxb2 Rxb2 28.Nxd4 {With a slightly better endgame for Black.} ) 26...Ne4 $1 {[%c_effect e4;square;e4;type;GreatFind;persistent;true] This move refutes White's play.} 27.Qd1 $2 {[%c_effect d1;square;d1;type;Mistake;persistent;true] This loses by force.} ( 27.Qa1 {is necessary.} 27...a3 28.Bc1 $1 {[%c_effect c1;square;c1;type;GreatFind;persistent;true] Black is much better, but there's no immediate win.} ) 27...a3 $1 28.Bc1 Nc3 $3 {[%c_effect c3;square;c3;type;Brilliant;persistent;true] The second knight sacrifice in this game. Black wins material, and White's counterplay on the kingside is too late.} 29.bxc3 Qb1 30.h6 Qxa2 31.hxg7 Bxg7 32.Nxd4 Qb1 33.Re3 a2 34.Rg3 Qxc1 {The simplest.} ( 34...Qxc1 35.Qxc1 Rb1 ) 0-1

[Event "Pro Chess League 2023"]
[Site "Chess.com"]
[Date "2023.05.11"]
[Round "2"]
[White "Caruana, Fabiano"]
[Black "Vokhidov, Shamsiddin"]
[Result "0-1"]
[WhiteElo "2764"]
[BlackElo "2586"]
[ECO "D38"]
[EventDate "2023.??.??"]
[Annotator "rafael"]
[PlyCount "112"]
[Beauty "6602459466325"]
[EventType "schev"]
[EventRounds "3"]
[TimeControl "600+2"]

1.d4 Nf6 2.c4 e6 3.Nf3 d5 4.Nc3 Bb4 5.Bg5 h6 6.Bxf6 Qxf6 7.e3 O-O 8.Rc1 dxc4 9.Bxc4 c5 10.O-O cxd4 11.Ne4 Qf5 {All this is well-known theory. 11...Qe7 is more popular, but the move played in the game also has a good reputation, and Vokhidov had played it before.} ( 11...Qe7 ) 12.Ng3 Qa5 13.a3 ( 13.exd4 {didn't give White any advantage in the following game:} 13...Rd8 14.Qe2 Bd7 15.Ne5 Nc6 {Abdusattorov-Vokhidov, Tashkent 2023.} ) 13...Be7 14.exd4 Rd8 ( 14...Nd7 {This is the most popular move in correspondence games, so it's probably more accurate.} ) 15.Qe2 Bd7 $6 {[%c_effect d7;square;d7;type;Inaccuracy;persistent;true] A new move that leads to a difficult position for Black.} ( 15...Nc6 {is better.} ) 16.Rfd1 {There is an option that leads to a clear advantage for White, although the move played is not bad.} ( 16.d5 exd5 17.b4 $1 Qb6 ( 17...Qxa3 $2 18.Bxd5 {wins.} ) 18.Bxd5 Be6 19.Bxe6 Qxe6 20.Qxe6 fxe6 21.Rc7 {with good winning chances in the endgame.} ) 16...Be8 ( 16...Ba4 {is the computer suggestion, but this is the kind of move that only a machine plays.} ) 17.Bxe6 $2 {[%c_effect e6;square;e6;type;Mistake;persistent;true] Caruana probably felt that he should deliver a blow before Black manages to consolidate, but he missed the right way to do it.} ( 17.d5 $1 {[%c_effect d5;square;d5;type;GreatFind;persistent;true] Again the typical push is a good move. Black is in deep trouble.} 17...exd5 18.Bxd5 $1 ( 18.Qxe7 $2 Nc6 {and Black escapes.} ) ( 18.b4 $2 Qxa3 19.Bxd5 Rxd5 $1 ) 18...Rxd5 19.Rc8 $3 {[%c_effect c8;square;c8;type;Brilliant;persistent;true] This is the move that probably was missed by Caruana.} ( 19.Qxe7 {is not enough.} 19...Rxd1+ 20.Rxd1 Nc6 {Black equalizes since capturing on b7 loses the queen.} 21.Qxb7 $4 Rb8 ) 19...Rxd1+ 20.Qxd1 Kf8 {What's wrong with Black's position $2, I hear you ask.} ( 20...Qb5 {This is actually more stubborn, sacrificing the queen.} 21.a4 Qc6 22.Rxc6 Nxc6 {with some slim drawing chances.} ) 21.Qd3 $3 {[%c_effect d3;square;d3;type;Brilliant;persistent;true] Chess is truly inexhaustible; I love this game. The queen heads to h7, and there's no way to defend, for instance:} 21...g6 22.Qd4 f6 23.Qe3 {with a winning attack. Black is a piece up, but the queenside doesn´t move.} ) ( 17.Qe4 Nd7 ( 17...Nc6 18.d5 ) 18.Qxb7 Rab8 19.Qe4 Rxb2 20.d5 Nf6 21.Qe5 Qb6 ) 17...fxe6 18.Qxe6+ Kf8 19.d5 {Of course, it's still not easy to defend in a rapid game against Caruana.} 19...Qb6 $6 ( 19...Bf7 20.Qf5 Bf6 $1 21.Ne4 Nd7 {White's compensation is not enough for the piece.} ) 20.Qe4 $6 ( 20.d6 $1 {[%c_effect d6;square;d6;type;GreatFind;persistent;true] Another incredible computer resource.} 20...Rxd6 21.Rxd6 Qxd6 22.Qf5+ Qf6 ( 22...Bf6 23.Rc8 {Black's queenside is again paralyzed.} ) 23.Qc8 Qxb2 24.Re1 {with good compensation.} ) 20...Na6 $2 ( 20...Nd7 $1 {[%c_effect d7;square;d7;type;GreatFind;persistent;true] The knight heads to f6, and White is technically lost.} ) 21.Nd4 ( 21.Qh7 {leads to a draw after} 21...Bg6 $1 22.Qh8+ Kf7 23.Ne5+ Kf6 24.Ng4+ Kf7 25.Ne5+ ) 21...Bf7 22.Ne6+ Bxe6 23.dxe6 Kg8 $2 ( 23...Rxd1+ 24.Rxd1 Bf6 {is better. The game might end in perpetual check after:} 25.Nh5 Re8 26.Nxf6 gxf6 27.Qg6 Qxe6 28.Qxh6+ Kg8 29.Qg6+ ) 24.Nf5 $1 {[%c_effect f5;square;f5;type;GreatFind;persistent;true] Now the attack is again very strong.} 24...Bf6 25.e7 $2 ( 25.Rxd8+ $1 {[%c_effect d8;square;d8;type;GreatFind;persistent;true] is nearly winning.} 25...Qxd8 ( 25...Rxd8 26.e7 Re8 27.Nxh6+ $1 Kh8 ( 27...gxh6 28.Qg6+ ) 28.Nf7+ Kg8 29.Qg6 {with a winning position for White.} ) 26.Qxb7 Nc5 27.Qc6 Rc8 28.e7 $1 Rxc6 29.exd8=Q+ Bxd8 30.b4 {with a winning endgame.} ) 25...Rxd1+ 26.Rxd1 Qc6 $1 {[%c_effect c6;square;c6;type;GreatFind;persistent;true] The only defense.} ( 26...Re8 {loses to} 27.Nxh6+ $1 ) 27.Nxh6+ gxh6 28.Qg6+ Kh8 29.Qxh6+ Kg8 30.Qg6+ Kh8 31.Qh6+ Kg8 32.Rd3 {A daring move, refusing the draw.} 32...Re8 $1 ( 32...Bxe7 $2 {[%c_effect e7;square;e7;type;Mistake;persistent;true] loses to} 33.Rg3+ Kf7 34.Rg7+ Ke8 35.Rg8+ $18 Kd7 36.Qxc6+ Kxc6 37.Rxa8 ) ( 32...Kf7 33.Qh7+ Ke6 34.g3 {with a tense position where my machine screams several drawing lines with perpetual check.} ) 33.Rg3+ Kf7 34.Qg6+ Ke6 $1 ( 34...Kxe7 $2 35.Re3+ ) 35.Rc3 Nc5 $1 {[%c_effect c5;square;c5;type;GreatFind;persistent;true] Vokhidov, with almost no time left, defends with great precision.} ( 35...Qd5 $2 36.Re3+ Kd7 37.Rd3 Bd4 38.Qg4+ {and the bishop is lost.} ) 36.b4 Qd5 ( 36...Kxe7 37.Rxc5 Kd8 $1 {[%c_effect d8;square;d8;type;GreatFind;persistent;true] Black is out of danger and can start pressing for the win.} ) 37.g3 $1 Rxe7 38.Rxc5 Qf3 39.Qg8+ Kd6 40.Rc1 {Caruana keeps pushing for the win.} ( 40.Qb8+ Ke6 41.Qg8+ {is a perpetual check.} ) 40...Bd4 $1 {[%c_effect d4;square;d4;type;GreatFind;persistent;true] With so many good defensive moves, it's now clear that Vokhidov is not going to be mated.} 41.Qb8+ Ke6 42.Qc8+ Kd6 ( 42...Ke5 {Black is the side that can push for the win, but he was happy with a draw after so many adventures.} ) 43.Qb8+ Ke6 44.Qc8+ Kd6 45.Qc2 Rf7 46.Rd1 Ke5 47.Re1+ Kd6 48.Rd1 Ke5 49.Rf1 $2 {[%c_effect f1;square;f1;type;Mistake;persistent;true] It is still possible to accept the draw.} 49...Rf6 50.a4 ( 50.Re1+ {is better.} ) 50...a6 ( 50...Qe4 $1 51.Qc7+ Ke6 52.Qc4+ Ke7 53.Qc7+ Kf8 {The bishop is much stronger than the pawns.} ) 51.Qd2 Kd5 52.b5 axb5 53.axb5 Re6 ( 53...Qe4 $1 ) 54.Rd1 Re4 55.Qa2+ $2 {[%c_effect a2;square;a2;type;Mistake;persistent;true] The final mistake.} ( 55.Rc1 {is more stubborn.} ) 55...Ke5 56.Qd2 Bxf2+ $1 ( 56...Bxf2+ 57.Qxf2 Qxd1+ ) 0-1

[Event "Superbet Chess Classic 2023"]
[Site "Chess.com"]
[Date "2023.05.07"]
[Round "2"]
[White "Deac, Bogdan Daniel"]
[Black "Nepomniachtchi, Ian"]
[Result "0-1"]
[WhiteElo "2700"]
[BlackElo "2794"]
[ECO "D37"]
[EventDate "2023.??.??"]
[Annotator "rafael"]
[PlyCount "88"]
[Beauty "7355823558675"]
[EventType "team-tourn"]
[EventCountry "ROU"]
[TimeControl "5400+30"]

1.d4 Nf6 2.c4 e6 3.Nf3 d5 4.Nc3 Be7 5.Bf4 {In the earliest days of the Queen's Gambit Declined, the bishop was almost always developed to g5. For some time now, however, elite grandmasters have favored this move and it has become the main line.} 5...O-O 6.e3 c5 {The classical way of playing. 6...Nbd7 is very popular nowadays, but Nepomniachtchi is clearly using his world championship preparation.} 7.dxc5 Bxc5 8.a3 Nc6 9.Qc2 Qa5 10.Rd1 ( 10.O-O-O {was played a lot in the past and there are some Kasparov games with it. But Black has already found the correct way to equalize.} ) 10...h6 {A very rare move, but one that was used by Caruana last year. Black takes prophylactic measures while waiting for White to develop the f1-bishop.} ( 10...Be7 {is the main line.} ) ( 10...Ne4 {To better understand the merits of the move played in the game, it's important to examine this more natural choice.} 11.cxd5 Nxc3 12.bxc3 exd5 13.Rxd5 Qxa3 14.Ng5 $1 {[%c_effect g5;square;g5;type;GreatFind;persistent;true] with a promising position for White. Now we can see one of the reasons the pawn on h6 is useful.} ) ( 10...Re8 {was played in the famous Korchnoi-Karpov 1978 world championship match and led to a brilliant win for White. Nakamura, in modern times, popularized this move again.} ) 11.Be2 ( 11.b4 $2 Nxb4 12.axb4 Bxb4 {with a strong attack.} ) ( 11.Bd3 d4 $1 12.exd4 Nxd4 13.Nxd4 Bxd4 14.Bh7+ Nxh7 15.Rxd4 e5 16.Rd5 Qa6 17.Rxe5 Qxc4 {was equal in Sulskis-Ssegwanyi, Batumi (ol) 2018.} ) ( 11.Nd2 {is an important move and no doubt Nepomniachtchi, his team, and his supercomputers have something to show here.} ) 11...Ne4 $1 {[%c_effect e4;square;e4;type;GreatFind;persistent;true] Now is the time.} ( 11...Be7 {was played by Caruana on April 9, 2022, a Saturday. A week later, he improved his game and tried the move that must have inspired Nepomniachtchi. Following in Caruana's opening footsteps is hardly a bad idea.} 12.O-O dxc4 13.Bxc4 Nh5 14.Ba2 Nxf4 15.exf4 {with the initiative for White in Le-Caruana, Chess.com (rapid) 2022.} ) 12.cxd5 {Vidit-Caruana, Chess.com (rapid) 2022, ended in a draw here.} 12...exd5 {Officially a novelty, but there could have been a transposition if White chose a different capture on c3 later on.} ( 12...Nxc3 13.bxc3 ( 13.Qxc3 {An important point is that this move now forces the exchange of queens, something that will be avoided in the game.} ) 13...exd5 14.Rxd5 {I ask the reader to commit this position to memory, as it will soon be the subject of a philosophical inquiry. Certainly it has been carefully studied by the Nepomniachtchi team.} 14...Qxa3 15.O-O Rd8 16.Rh5 Bg4 17.Rh4 Bxf3 18.Bxf3 Bf8 {Gozzoli-Fressinet, FRA-ch 2022.} ) 13.Rxd5 Nxc3 14.Qxc3 {Note that if White had captured with the pawn here, then we have the position of Gozzoli-Fressinet again. I ask the philosophical reader: who really made the novelty, Black with 12...Nxc3 or White with 14.Qxc3 $2 The question is not easy to answer, as 12...Nxc3 is a precise move order, which gives Black one more option.} 14...Bb4 $1 {[%c_effect b4;square;b4;type;GreatFind;persistent;true] A tactical detail that wins the exchange, although White has compensation. The computer evaluates the position as equality, but I prefer an even position an exchange up than an exchange down.} ( 14...Qxc3+ {is also possible. After} 15.bxc3 Bxa3 16.Nd4 {White can fight for a small advantage in this endgame, but my machine is not too worried.} ) 15.axb4 Qxd5 16.b5 Ne7 17.O-O Be6 18.Nd4 {The knight on d4 and the pair of bishops provide compensation for White.} 18...Nf5 $1 {[%c_effect f5;square;f5;type;GreatFind;persistent;true] Forcing the exchange of the Pegasus.} 19.Nxe6 Qxe6 20.h3 {The first thing my seven-year-old son does after castling is to advance the rook pawn so the king gets an air. I insist on telling him to think of more useful moves, but elite grandmasters complicate my life as a teacher.} ( 20.Bc4 $1 {[%c_effect c4;square;c4;type;GreatFind;persistent;true] is more accurate.} ) 20...Rfd8 21.Bf3 Rac8 22.Qa5 b6 23.Qxa7 {Black surrenders a pawn on the queenside to displace the white queen and begin the invasion with the rooks.} 23...g5 $5 {[%c_effect g5;square;g5;type;Interesting;persistent;true] Nepomniachtchi in his element: play with the initiative.} 24.Bh2 Nh4 $1 25.Bb7 {A bit of a sad square, but taking the bishop to c6 is not a good idea.} ( 25.Bc6 $2 {[%c_effect c6;square;c6;type;Mistake;persistent;true] loses to} 25...Rxc6 26.bxc6 Qxc6 27.f3 Qc2 ) 25...Rc2 26.Qa4 Rc4 {A difficult move, since Black had plenty of options.} ( 26...Rxb2 27.Bc7 Rdd2 28.Qa8+ Kg7 {I would be terrified of having White in this position, but the computer insists that everything is fine after} 29.Bc6 {for instance:} 29...Rxf2 30.Rxf2 Qxe3 31.Bg3 Qxg3 32.Rxf7+ Kxf7 33.Qe8+ Kf6 34.Qh8+ {with a draw.} ) ( 26...Rdd2 27.Qe4 $5 Qxe4 28.Bxe4 Rxb2 29.Bc6 {with good drawing chances for White.} ) 27.Qa6 ( 27.Qb3 $2 Rd7 $1 {[%c_effect d7;square;d7;type;GreatFind;persistent;true] and suddenly it transpires that the b7-bishop is in trouble.} ) ( 27.Qa2 {The machine likes this timid move and indicates equality.} ) 27...Kg7 {A useful move, preventing checks on the eighth rank.} 28.b4 ( 28.b3 {is more accurate.} 28...Rc2 29.Qa1+ f6 30.Qa4 {the queen can use the fourth rank.} ) 28...Rc2 ( 28...Rxb4 $6 29.Bc6 {Now the exchange sac on c6 is no longer available.} ) 29.Qa1+ f6 30.Kh1 ( 30.e4 $5 {[%c_effect e4;square;e4;type;Interesting;persistent;true] is a difficult and good move. The idea is that after} 30...Rdd2 31.Bg3 {the knight cannot go to f5.} ) 30...Rdd2 31.Bg3 $2 {[%c_effect g3;square;g3;type;Mistake;persistent;true] White is lost after this move.} ( 31.Qa7 $1 {[%c_effect a7;square;a7;type;GreatFind;persistent;true] is necessary.} 31...Ra2 32.Qb8 {Surprisingly, White's position is acceptable, although the game remains very complicated and Black is certainly better in practical play.} ) 31...Nf5 $1 32.Bc6 {The g3-bishop cannot move because the f2-pawn falls.} 32...Ra2 33.Qb1 h5 34.Qe4 Qxe4 35.Bxe4 Nxg3+ 36.fxg3 Rab2 {The endgame is easily winning for Black.} 37.Bf3 Kh6 38.g4 h4 39.Bc6 Kg7 40.Kh2 Rxb4 41.Ra1 Re2 42.Kg1 Rbb2 43.Ra7+ Kf8 44.Ra8+ Ke7 0-1